 Dungeon Crawl Stone Soup version 0.28-a0-683-ga8797d1ae1 (webtiles) character file.

Game seed: 17885764685541305786

316 lawman0 the Magician (level 6, 0/42 HPs)
             Began as a Demonspawn Hedge Wizard on Oct 18, 2021.
             Slain by a gnoll (7 damage)
             ... on level 3 of the Dungeon.
             The game lasted 00:05:51 (3170 turns).

lawman0 the Magician (Demonspawn Hedge Wizard)      Turns: 3170, Time: 00:05:51

Health: 0/42       AC:  5    Str: 10    XL:     6   Next: 20%
Magic:  9/12       EV: 17    Int: 17    God:
Gold:   49         SH:  0    Dex: 13    Spells: 6/13 levels left

rFire   . . .      SeeInvis .   q - +0 flail (protect)
rCold   . . .      Faith    .   (no shield)
rNeg    . . .      Spirit   .   m - +0 robe {Will+}
rPois   .          Reflect  .   c - +0 hat
rElec   .          Harm     .   (no cloak)
rCorr   .          Rampage  .   (no gloves)
Will    +....                   h - +0 pair of boots
Stlth   ++........              (no amulet)
HPRegen 0.14/turn               (no ring)
MPRegen 0.13/turn               (no ring)

@: agile, lethally poisoned (0 -> -3)
A: yellow scales 1, powered by pain 1, demonic touch 1
a: no special abilities


You were on level 3 of the Dungeon.
You visited 1 branch of the dungeon, and saw 4 of its levels.

You collected 49 gold pieces.

Inventory:

Hand Weapons
 f - a +0 mace
 q - a +0 flail of protection (weapon)
Armour
 c - a +0 hat (worn)
 d - a +0 kite shield
 h - a +0 pair of boots (worn)
 m - a +0 robe of willpower (worn)
Wands
 p - a wand of iceblast (13)
Scrolls
 i - a scroll of summoning {unknown}
 k - a scroll of identify
 l - a scroll of fog {unknown}
 n - a scroll of magic mapping {unknown}
Potions
 b - a potion of curing
 e - a potion of flight {unknown}
 g - a potion of heal wounds
 o - a potion of cancellation {unknown}


   Skills:
 + Level 0.7 Fighting
 - Level 0.2 Maces & Flails
 + Level 1.3 Armour
 + Level 2.1 Dodging
 + Level 2.5 Stealth
 + Level 4.1 Spellcasting
 * Level 2.7 Conjurations
 * Level 1.3 Hexes
 * Level 2.3 Summonings
 * Level 1.7 Translocations


You had 6 spell levels left.
You knew the following spells:

 Your Spells              Type           Power      Damage    Failure   Level
a - Magic Dart            Conj           48%        1d5       4%          1
b - Call Imp              Summ           11%        N/A       9%          2
c - Blink                 Tloc           N/A        N/A       12%         2
d - Slow                  Hex            8%         N/A       14%         2

Your spell library contained the following spells:

 Spells                   Type           Power      Damage    Failure   Level
 Conjure Flame            Conj/Fire      8%         6-21      26%         3
 Mephitic Cloud           Conj/Pois/Air  6%         N/A       32%         3


Dungeon Overview and Level Annotations

Branches:
Dungeon (4/15)
 Temple: D:4-7

Altars:
Qazlal


Innate Abilities, Weirdness & Mutations

You are partially covered in yellow scales. (AC +2)
You sometimes gain a little power by taking damage.
Your touch may inflict minor irresistible damage on your foes.


Message History

Confirm with . or Enter, or press ? or * to list all spells.
A beastly little devil appears in a puff of flame.
You feel sick. The adder barely misses you. x2
Unknown command.
You swap places.
You feel sick. The adder barely misses you.
Your crimson imp closely misses the adder.
Unknown command.
You closely miss the adder. Your touch misses the adder.
The adder is heavily wounded.
You feel sick. The adder bites you but does no damage.
The adder closely misses you.
Your crimson imp blinks!
The adder bites you.
Unknown command.
You feel sick.
You are no longer poisoned.
The adder bites you.
Unknown command.
As you read the scroll labelled ODAOTI RYNEYLE, it crumbles to dust.
It is a scroll of identify.
a - a scroll of teleportation The adder barely misses you.
The adder bites you but does no damage. The adder bites you.
You are poisoned.
The adder poisons you!
As you read the scroll of teleportation, it crumbles to dust.
You feel strangely unstable.
You feel sick. The adder bites you but does no damage. The adder bites you.
The gnoll hits you from afar with a +0 halberd!
* * * LOW HITPOINT WARNING * * *
You focus on the pain.
You feel agile all of a sudden. The adder misses you.
You feel sick.
Okay, then.
You feel sick. The adder misses you.
Your surroundings seem slightly different.
You feel sick.
The gnoll hits you from afar with a +0 halberd!
You die...

## ##...
###########...###
##.....##.>.......
##..ยง......!.....##
#....S.gg.........g
#....S5..g.......##
#....@....)......#
#................#
#................#
#..........<....##
##..............#
##.....##......
####### ####


You could see 3 gnolls, 2 adders and a friendly crimson imp (summoned).

Vanquished Creatures
  Blork the orc (D:4)
  A scorpion (D:4)
  Jessica (D:2)
  2 adders (D:2)
  An adder skeleton (D:4)
  A worm (D:2)
  A dart slug (D:1)
  5 orcs
  3 ball pythons
  4 endoplasms (D:2)
  3 giant cockroaches
  5 goblins
  3 hobgoblins
  A quokka (D:2)
  4 bats
  2 frilled lizards (D:1)
  2 kobolds (D:1)
  6 rats
46 creatures vanquished.

Vanquished Creatures (collateral kills)
  A scorpion (D:2)
  A gnoll (D:2)
  2 adders (D:2)
  A hobgoblin (D:2)
  A kobold (D:2)
  A frilled lizard (D:2)
  A rat (D:2)
8 creatures vanquished.

Grand Total: 54 creatures vanquished

Notes
Turn   | Place    | Note
-------+----------+-------------------------------------------
     0 | D:1      | lawman0 the Demonspawn Hedge Wizard began the quest for the
                  | Orb.
     0 | D:1      | Reached XP level 1. HP: 13/13 MP: 4/4
   355 | D:1      | Gained mutation: You sometimes gain a little power by
                  | taking damage. [demonic ancestry]
   355 | D:1      | Reached XP level 2. HP: 19/19 MP: 4/6
   355 | D:1      | yes
   399 | D:1      | Learned a level 2 spell: Call Imp
   402 | D:1      | Learned a level 2 spell: Blink
   405 | D:1      | Learned a level 2 spell: Slow
  1131 | D:2      | Reached XP level 3. HP: 9/24 MP: 0/8
  1491 | D:2      | Noticed Jessica
  1499 | D:2      | Killed Jessica
  1586 | D:2      | Gained mutation: You are partially covered in yellow
                  | scales. (AC +2) [demonic ancestry]
  1586 | D:2      | Reached XP level 4. HP: 31/31 MP: 4/9
  1797 | D:2      | Noticed a scorpion
  1804 | D:2      | Killed a scorpion
  1805 | D:2      | Reached skill level 1 in Armour
  1805 | D:2      | Reached skill level 1 in Translocations
  2008 | D:2      | Gained mutation: Your touch may inflict minor irresistible
                  | damage on your foes. [demonic ancestry]
  2008 | D:2      | Reached XP level 5. HP: 36/36 MP: 5/10
  2359 | D:2      | Found a stormy altar of Qazlal.
  2632 | D:4      | Noticed Blork the orc
  2650 | D:4      | Killed Blork the orc
  2651 | D:4      | Reached skill level 4 in Spellcasting
  2651 | D:4      | Reached skill level 1 in Hexes
  2845 | D:4      | Reached XP level 6. HP: 11/42 MP: 2/12
  3170 | D:3      | Slain by a gnoll

Illustrated notes

#.#
###########.#
#.# #.#
.........##.#
#.# #.#
########.##.#
#.# #.# #
#.##.###.# .#
####
###.#...##.# ..
..###....###...#
##. #.#......#
#.###
#...#.#.#.#..#
#.#
#.@....#.#...##
#.###..#.#####
... #....# ##..
#....... ...
...##### ....
...# ..... ...
...... ..#


Turn 355 on D:1: yes

Levels and vault maps discovered:
D:1:      lemuel_arrival_broad_hall, layout_loops_ring,
          minmay_stone_trees_medium
D:2:      minmay_chambers_of_ones, layout_basic, basic_altar, uniq_jessica
D:3:      layout_rooms, marbit_many_paths, general_overflow_altar
D:4:      layout_loops_ring, ebering_ghost_disaster_area, uniq_blork_the_orc

Skill      XL: |  1  2  3  4  5 |
---------------+----------------+-----
Dodging        | 2 |  2.1
Stealth        | 2 |  2.5
Conjurations   | 2 |  2.7
Armour         | 1 |  1.3
Translocations | 1 |  1.7
Spellcasting   | 4 |  4.1
Hexes          | 1 |  1.3
Summonings     | 2 |  2.3
Fighting       | |  0.7
Maces & Flails | |  0.2

Action                   |  1- 3 |  4- 6 || total
-------------------------+-------+-------++-------
Melee: Mace              |    28 |    42 ||    70
       Dire flail        |       |    13 ||    13
       Touch             |       |     4 ||     4
       Flail             |       |     3 ||     3
 Cast: Magic Dart        |    47 |     6 ||    53
       Call Imp          |     3 |    15 ||    18
       Blink             |       |     6 ||     6
       Slow              |       |     1 ||     1
Evoke: Wand              |       |     1 ||     1
  Use: Potion            |     1 |     1 ||     2
       Scroll            |       |     2 ||     2
 Stab: Sleeping          |       |     4 ||     4
Armor: Leather armour    |    13 |       ||    13
       Robe              |       |    31 ||    31
Dodge: Dodged            |    33 |    65 ||    98

Table legend: (Time is in decaauts)
 A = Elapsed time spent in this place.
 B = Non-inter-level travel time spent in this place.
 C = Inter-level travel time spent in this place.
 D = Time resting spent in this place.
 E = Time spent auto-exploring this place.
 F = Levels seen in this place.
 G = Mean time per level.
                   A        B        C        D        E       F      G
               +--------+--------+--------+--------+--------+-----+--------+
         Total |   3201 |   3107 |     94 |    342 |   2214 |   4 |  800.2 |
       Dungeon |   3201 |   3107 |     94 |    342 |   2214 |   4 |  800.2 |
               +--------+--------+--------+--------+--------+-----+--------+

Top non-repeatable levels by time:
     D:2: 1474 daAuts
     D:1: 1094 daAuts
     D:4: 592 daAuts
     D:3: 40 daAuts
